 Dungeon Crawl Stone Soup version 0.27-a0-906-g0a00ce863d (webtiles) character file.

Game seed: 8190923297238666382

998 pkoi the Carver (level 8, -2/63 HPs)
             Began as a Minotaur Gladiator on Apr 7, 2021.
             Slain by a gnoll
             ... wielding a +0 halberd
              (8 damage)
             ... on level 5 of the Dungeon.
             The game lasted 00:04:45 (5719 turns).

pkoi the Carver (Minotaur Gladiator)                Turns: 5719, Time: 00:04:46

Health: -2/63      AC:  8    Str: 20    XL:     8   Next: 0%
Magic:  7/7        EV:  9    Int:  5    God:
Gold:   179        SH:  0    Dex: 13    Spells: 7/7 levels left

rFire    . . .     SeeInvis .   a - +0 long sword
rCold    . . .     Faith    .   (no shield)
rNeg     + . .     Spirit   .   e - +0 chain mail
rPois    .         Reflect  .   c - +0 hat
rElec    .         Harm     .   i - scarf {shadows}
rCorr    .         Rampage  .   (no gloves)
Will     .....                  (no boots)
Stlth    ..........             r - amulet of magic regeneration
HPRegen  0.20/turn              b - ring of positive energy
MPRegen  0.35/turn              (no ring)

@: no status effects
A: horns 2, retaliatory headbutt
a: no special abilities


You were on level 5 of the Dungeon.
You visited 1 branch of the dungeon, and saw 5 of its levels.

You collected 179 gold pieces.

Inventory:

Hand Weapons
 a - a +0 long sword (weapon)
 p - a +0 dagger of venom
Missiles
 d - 3 throwing nets (quivered)
 k - 19 poisoned darts
Armour
 c - a +0 hat (worn)
 e - a +0 chain mail (worn)
 i - a scarf of shadows (worn)
Jewellery
 b - a ring of positive energy (left hand)
 r - an amulet of magic regeneration (around neck)
Wands
 n - a wand of iceblast (9)
Scrolls
 g - a scroll of magic mapping {unknown}
 l - 4 scrolls of identify
 m - 2 scrolls of immolation {unknown}
 s - 2 scrolls of amnesia {unknown}
 v - a scroll of acquirement {unknown}
Potions
 f - a potion of haste {unknown}
 h - a potion of flight {unknown}
 j - a potion of curing {unknown}
 o - a potion of might {unknown}
 q - a potion of brilliance
 t - a potion of ambrosia {unknown}
 u - a potion of cancellation {unknown}


   Skills:
 + Level 3.4 Fighting
 + Level 10.4 Long Blades
 - Level 2.0 Throwing
 + Level 2.2 Armour
 + Level 4.0 Dodging
 + Level 1.5 Evocations


You had 7 spell levels left.
You didn't know any spells.
Your spell library contained the following spells:

 Spells                   Type           Power      Damage    Failure   Level
 Confusing Touch          Hex            0%         N/A       100%        3
 Gell's Gravitas          Tloc           0%         N/A       100%        3
 Petrify                  Tmut/Erth      0%         N/A       100%        4
 Metabolic Englaciation   Hex/Ice        0%         N/A       100%        5
 Yara's Violent Unravell  Hex/Tmut       0%         3d3       100%        5


Dungeon Overview and Level Annotations

Branches:
Dungeon (5/15)
 Temple: D:4-7

Altars:
Fedhas

Shops:
D:3 ?   D:4 (   D:5 [!=(

Annotations:
D:4 3 runed translucent doors, spiderkeys's ghost, amateur FoFi


Innate Abilities, Weirdness & Mutations

You have a pair of horns on your head.
You reflexively headbutt those who attack you in melee.


Message History

You are too injured to fight recklessly!
You are too injured to fight recklessly!
The adder bites you but does no damage.
You slash the adder!
The adder is severely wounded.
The gnoll closely misses you. The adder bites you but does no damage.
You closely miss the adder. Your headbutt misses the adder.
The adder is severely wounded.
The gnoll hits you but does no damage. The adder bites you but does no damage.
You hit the adder but do no damage.
The adder is severely wounded.
The adder bites you but does no damage.
The gnoll hits you from afar with a +0 spear.
You completely miss the adder. Your headbutt misses the adder.
The adder is severely wounded.
The adder barely misses you. You furiously retaliate!
You headbutt the adder.
The gnoll hits you from afar with a +0 spear.
Your chain mail prevents you from hitting the adder.
The adder is almost dead.
The adder closely misses you. You furiously retaliate!
You headbutt the adder.
You kill the adder!
The gnoll hits you but does no damage. The gnoll barely misses you.
The gnoll hits you from afar with a +0 halberd.
You see here an adder corpse.
You barely miss the gnoll. The gnoll hits you with a +0 spear.
* * * LOW HITPOINT WARNING * * *
The gnoll hits you from afar with a +0 halberd.
* * * LOW HITPOINT WARNING * * *
You slash the gnoll!
You kill the gnoll!
You have reached level 8!
You feel agile. The gnoll hits you with a +0 halberd!
* * * LOW HITPOINT WARNING * * *
Items here: )) [ ††.
You slash the gnoll!
The gnoll is severely wounded.
The gnoll hits you with a +0 halberd!
You die...

#####...###.# #
........##.########
###(................
..).........########
##.#...##### #
#......|... #
#.#...##### #.# #
#†##.## #.# #
#@##.##### #.# #
.#####g..[....# #.# #
..............#
#.####
###.##.##.....#
##.##.. #
##.##.##.####.<.#.#
#.#.................#
#...........###...###
#..#)#.#$#..# ##.##
#...∩...∩...# #.#


You could see a gnoll.

Vanquished Creatures
  Sigmund (D:3)
  An ogre (D:4)
  A phantom (D:4)
  2 scorpions (D:4)
  A crimson imp (D:4)
  3 hounds
  2 orc priests
  A bullfrog skeleton (D:4)
  An orc wizard (D:2)
  Robin (D:2)
  7 gnolls
  8 adders
  2 white imps
  An ufetubus (D:5)
  3 worms
  4 dart slugs
  9 orcs
  8 bats
  9 endoplasms
  3 giant cockroaches
  20 goblins
  14 hobgoblins
  5 jackals
  8 quokkas
  9 ball pythons
  12 kobolds
  4 rats
140 creatures vanquished.

Notes
Turn   | Place    | Note
-------+----------+-------------------------------------------
     0 | D:1      | pkoi the Minotaur Gladiator began the quest for the Orb.
     0 | D:1      | Reached XP level 1. HP: 18/18 MP: 0/0
    39 | D:1      | Reached skill level 4 in Long Blades
    39 | D:1      | Reached XP level 2. HP: 8/25 MP: 1/1
   452 | D:1      | Reached skill level 5 in Long Blades
   537 | D:1      | Reached XP level 3. HP: 30/30 MP: 2/2
  1116 | D:2      | Found a faded altar of an unknown god.
  1120 | D:2      | Reached skill level 6 in Long Blades
  1120 | D:2      | Reached XP level 4. HP: 37/37 MP: 3/3
  1674 | D:2      | Noticed Robin
  1712 | D:2      | Reached skill level 7 in Long Blades
  1712 | D:2      | Reached XP level 5. HP: 33/42 MP: 4/4
  1718 | D:2      | Killed Robin
  1946 | D:2      | Found a blossoming altar of Fedhas.
  2875 | D:3      | Noticed Sigmund
  2882 | D:3      | Killed Sigmund
  2883 | D:3      | Reached skill level 8 in Long Blades
  2883 | D:3      | Reached XP level 6. HP: 28/50 MP: 5/5
  3091 | D:3      | Reached skill level 9 in Long Blades
  3331 | D:3      | Found Roibuivuo's Magic Scroll Shop.
  4436 | D:4      | Reached XP level 7. HP: 52/56 MP: 6/6
  4453 | D:4      | Reached skill level 10 in Long Blades
  4599 | D:4      | Noticed spiderkeys's ghost (amateur FoFi)
  4629 | D:4      | Found a runed translucent gate.
  4629 | D:4      | Found a runed translucent gate.
  4629 | D:4      | Found a runed translucent gate.
  4757 | D:4      | Reached skill level 1 in Armour
  4757 | D:4      | Reached skill level 1 in Evocations
  5465 | D:4      | Found Ynyof's Antique Weapon Shoppe.
  5625 | D:5      | Entered Level 5 of the Dungeon
  5682 | D:5      | Found Ruraqiob's Jewellery Shop.
  5683 | D:5      | Found Cocaoroq's Armour Shop.
  5686 | D:5      | Found Cuteamp's Distillery.
  5689 | D:5      | Found Ygythoiv's Weapon Shop.
  5718 | D:5      | Reached XP level 8. HP: 12/63 MP: 7/7
  5719 | D:5      | Slain by a gnoll

Illustrated notes

Levels and vault maps discovered:
D:1:      eino_arrival_water_cross, layout_loops_ring, st_stairs_6
D:2:      kb_forest_paths, layout_loops_ring, basic_altar,
          basic_ecumenical_altar, uniq_robin
D:3:      layout_loops_ring, serial_shops, shop, st_stairs_5,
          minmay_crystal_water, kennysheep_path_1, uniq_sigmund
D:4:      layout_layer_cave, gammafunk_ghost_icy, serial_shops,
          nicolae_shop_waterfront, portal_sewer_entry_f, nrook_mini_backslash,
          minmay_fire_ice_demons
D:5:      layout_loops_ring, minmay_temple_entry_arrows, minmay_shop_grid_forest

Skill      XL: |  1  2  3  4  5  6  7 |
---------------+----------------------+-----
Long Blades    | 4 5 6 7 8 9 10 | 10.4
Armour         | 2 |  2.2
Evocations     | 1 |  1.5
Fighting       | 3 |  3.4
Dodging        | 4 |  4.0
Throwing       | |  2.0

Action                   |  1- 3 |  4- 6 |  7- 9 || total
-------------------------+-------+-------+-------++-------
Melee: Long sword        |    61 |   189 |    71 ||   321
       Headbutt          |     9 |    29 |    17 ||    55
  Use: Scroll            |       |     3 |       ||     3
Armor: Chain mail        |    32 |   106 |    34 ||   172
       Leather armour    |     1 |       |       ||     1
Dodge: Dodged            |    24 |    94 |    26 ||   144
       Rpst.: Long sword |     7 |    21 |     5 ||    33

Table legend: (Time is in decaauts)
 A = Elapsed time spent in this place.
 B = Non-inter-level travel time spent in this place.
 C = Inter-level travel time spent in this place.
 D = Time resting spent in this place.
 E = Time spent auto-exploring this place.
 F = Levels seen in this place.
 G = Mean time per level.
                   A        B        C        D        E       F      G
               +--------+--------+--------+--------+--------+-----+--------+
         Total |   5738 |   5518 |    220 |    862 |   3854 |   5 | 1147.6 |
       Dungeon |   5738 |   5518 |    220 |    862 |   3854 |   5 | 1147.6 |
               +--------+--------+--------+--------+--------+-----+--------+

Top non-repeatable levels by time:
     D:4: 1630 daAuts
     D:2: 1517 daAuts
     D:3: 1345 daAuts
     D:1: 1153 daAuts
     D:5: 91 daAuts
